TOP OF THE 1ST |
Huntsville HS Wasps batting - Pitching for Spanish Fork HS : RHP Juan Berrera
|
Pitching: RHP Juan Berrera
|
|
Batting: SHB José Chávez
|
0-0: Fly out, F9 (Flyball, 9)
|
Batting: RHB Esteban Garza
|
0-0: Ball 1-0: Ball 2-0: Ball 3-0: Base on Balls
|
Batting: RHB Jorge Cortéz
|
0-0: Foul Ball, location: 2F 0-1: Ball 1-1: Ball 2-1: Called Strike 2-2: Ground out 3-1 (Groundball, 3) Esteban Garza to second
|
Batting: RHB Charlie Harris
|
0-0: Swinging Strike 0-1: Foul Ball, location: 2F 0-2: SINGLE (Groundball, 34D) Esteban Garza to third Runner from 3rd tries for Home, SAFE, no throw
|
Batting: RHB David Kemp
|
0-0: Called Strike 0-1: Swinging Strike 0-2: Ball 1-2: Strikes out swinging
|
Top of the 1st over - 1 run(s), 1 hit(s), 0 error(s), 1 left on base; Huntsville HS 1 - Spanish Fork HS 0 |
BOTTOM OF THE 1ST |
Spanish Fork HS batting - Pitching for Huntsville HS Wasps : LHP Ed Garner
|
Pitching: LHP Ed Garner
|
|
Batting: RHB River Sullivan
|
0-0: Fly out, F9 (Flyball, 89M)
|
Batting: RHB Thad Bauer
|
0-0: Called Strike 0-1: Foul Ball, location: 2F 0-2: Hit by Pitch
|
Batting: RHB John Arnold
|
0-0: Ball 1-0: Ball 2-0: Foul Ball, location: 2F 2-1: Ball 3-1: Base on Balls Thad Bauer to second
|
Batting: RHB Geoffrey Billings
|
0-0: SINGLE (Flyball, 56D) Thad Bauer to third John Arnold to second Runner from 3rd tries for Home, SAFE, throw made home
|
Batting: RHB David Brady
|
0-0: Called Strike 0-1: Ball 1-1: Foul Ball, location: 2F 1-2: Fly out, F8 (Flyball, 8LM)
|
Batting: RHB Octávio Ramérez
|
0-0: Ball 1-0: Called Strike 1-1: Foul Ball, location: 2F 1-2: Ball 2-2: Strikes out swinging
|
Bottom of the 1st over - 1 run(s), 1 hit(s), 0 error(s), 2 left on base; Huntsville HS 1 - Spanish Fork HS 1 |
TOP OF THE 2ND |
Huntsville HS Wasps batting - Pitching for Spanish Fork HS : RHP Juan Berrera
|
Batting: LHB Eddie Nealon
|
0-0: Ball 1-0: Foul Ball, location: 2F 1-1: Called Strike 1-2: Foul Ball, location: 2F 1-2: Foul Ball, location: 2F 1-2: Foul Ball, location: 2F 1-2: Ball 2-2: Ground out U3 (Groundball, 34)
|
Batting: RHB Travis Baker
|
0-0: Called Strike 0-1: Ball 1-1: Foul Ball, location: 2F 1-2: Foul Ball, location: 2F 1-2: Ball 2-2: Ball 3-2: Strikes out swinging
|
Batting: RHB Jim Mak
|
0-0: Ball 1-0: Ball 2-0: Called Strike 2-1: Ball 3-1: Called Strike 3-2: SINGLE (Flyball, 9LS)
|
Batting: RHB Dave Stroud
|
0-0: Foul Ball, location: 2F 0-1: Called Strike Jim Mak steals 2nd base 0-2: Strikes out looking
|
Top of the 2nd over - 0 run(s), 1 hit(s), 0 error(s), 1 left on base; Huntsville HS 1 - Spanish Fork HS 1 |
BOTTOM OF THE 2ND |
Spanish Fork HS batting - Pitching for Huntsville HS Wasps : LHP Ed Garner
|
Batting: RHB Thomas Hollis
|
0-0: DOUBLE (Flyball, 7)
|
Batting: RHB Michael MacDonald
|
0-0: Called Strike 0-1: Ball 1-1: Foul Ball, location: 2F 1-2: Foul Ball, location: 2F 1-2: Ball 2-2: DOUBLE (Flyball, 78M) Thomas Hollis scores
|
Batting: SHB Iván Flores
|
0-0: Called Strike 0-1: Ball 1-1: Foul Ball, location: 2F 1-2: Foul Ball, location: 2F 1-2: Strikes out swinging
|
Batting: RHB River Sullivan
|
0-0: Ball 1-0: Ball 2-0: Ball 3-0: Called Strike 3-1: Base on Balls
|
Batting: RHB Thad Bauer
|
0-0: Fly out, F8 (Flyball, 8LD) Runner from 2nd tags up, SAFE at 3rd, no throw
|
Batting: RHB John Arnold
|
0-0: Ball 1-0: Swinging Strike 1-1: Foul Ball, location: 2F 1-2: Foul Ball, location: 2F 1-2: Ball 2-2: Ball 3-2: SINGLE (Line Drive, 4M) Michael MacDonald scores River Sullivan to second River Sullivan to third
|
Batting: RHB Geoffrey Billings
|
0-0: Foul Ball, location: 2F 0-1: Foul Ball, location: 2F 0-2: Ball 1-2: Foul Ball, location: 2F 1-2: Ball 2-2: Ground out 6-3 (Groundball, 6S)
|
Bottom of the 2nd over - 2 run(s), 3 hit(s), 0 error(s), 2 left on base; Huntsville HS 1 - Spanish Fork HS 3 |
TOP OF THE 3RD |
Huntsville HS Wasps batting - Pitching for Spanish Fork HS : RHP Juan Berrera
|
Batting: SHB José Chávez
|
0-0: Ball 1-0: Foul Ball, location: 2F 1-1: Ball 2-1: Ball 3-1: Base on Balls
|
Batting: RHB Esteban Garza
|
0-0: Foul Ball, location: 2F 0-1: Swinging Strike 0-2: Ball 1-2: SINGLE (Flyball, 7LM) José Chávez to second
|
Batting: RHB Jorge Cortéz
|
0-0: Called Strike 0-1: Ball 1-1: Foul Ball, location: 2F 1-2: Strikes out swinging
|
Batting: RHB Charlie Harris
|
0-0: Ball 1-0: Foul Ball, location: 2F 1-1: Ball 2-1: Ball José Chávez steals 3rd base Esteban Garza to second 3-1: Called Strike 3-2: Base on Balls
|
Batting: RHB David Kemp
|
0-0: Ball 1-0: Fly out, F8 (Flyball, 8RS) Runner from 3rd tags up, SCORES, throw made
|
Batting: LHB Eddie Nealon
|
0-0: Ball 1-0: Ball 2-0: Called Strike 2-1: Called Strike 2-2: Foul Ball, location: 2F 2-2: Fly out, F8 (Flyball, 8RM)
|
Top of the 3rd over - 1 run(s), 1 hit(s), 0 error(s), 2 left on base; Huntsville HS 2 - Spanish Fork HS 3 |
BOTTOM OF THE 3RD |
Spanish Fork HS batting - Pitching for Huntsville HS Wasps : LHP Ed Garner
|
Batting: RHB David Brady
|
0-0: SINGLE (Groundball, 34D)
|
Batting: RHB Octávio Ramérez
|
0-0: Ball 1-0: Ball 2-0: Ball 3-0: Called Strike 3-1: Fly out, F8 (Flyball, 8LD)
|
Batting: RHB Thomas Hollis
|
0-0: Ball 1-0: Ball 2-0: Called Strike 2-1: Fly out, F7 (Flyball, 7)
|
Batting: RHB Michael MacDonald
|
0-0: Ball 1-0: Fly out, F8 (Line Drive, 8RXD)
|
Bottom of the 3rd over - 0 run(s), 1 hit(s), 0 error(s), 1 left on base; Huntsville HS 2 - Spanish Fork HS 3 |
TOP OF THE 4TH |
Huntsville HS Wasps batting - Pitching for Spanish Fork HS : RHP Juan Berrera
|
Batting: RHB Travis Baker
|
0-0: Called Strike 0-1: Ball 1-1: Ball 2-1: Foul Ball, location: 2F 2-2: Ball 3-2: Fly out, F4 (Popup, 4D)
|
Batting: RHB Jim Mak
|
0-0: Swinging Strike 0-1: Called Strike 0-2: Ball 1-2: Strikes out swinging
|
Batting: RHB Dave Stroud
|
0-0: Ball 1-0: Ball 2-0: Foul Ball, location: 2F 2-1: Ball 3-1: Base on Balls
|
Pitching: LHP Jason Mills
|
|
Batting: SHB José Chávez
|
0-0: Ball 1-0: Called Strike 1-1: Swinging Strike 1-2: Strikes out looking
|
Top of the 4th over - 0 run(s), 0 hit(s), 0 error(s), 1 left on base; Huntsville HS 2 - Spanish Fork HS 3 |
BOTTOM OF THE 4TH |
Spanish Fork HS batting - Pitching for Huntsville HS Wasps : LHP Ed Garner
|
Batting: SHB Iván Flores
|
0-0: Swinging Strike 0-1: Ground out 6-3 (Groundball, 56)
|
Batting: RHB River Sullivan
|
0-0: Ball 1-0: Foul Ball, location: 2F 1-1: Swinging Strike 1-2: Fly out, F6 (Popup, 6D)
|
Batting: RHB Thad Bauer
|
0-0: Ball 1-0: Foul Ball, location: 2F 1-1: Foul Ball, location: 2F 1-2: Ball 2-2: Strikes out swinging
|
Bottom of the 4th over - 0 run(s), 0 hit(s), 0 error(s), 0 left on base; Huntsville HS 2 - Spanish Fork HS 3 |
TOP OF THE 5TH |
Huntsville HS Wasps batting - Pitching for Spanish Fork HS : LHP Jason Mills
|
Batting: RHB Esteban Garza
|
0-0: Foul Ball, location: 2F 0-1: Foul Ball, location: 2F 0-2: Strikes out swinging
|
Batting: RHB Jorge Cortéz
|
0-0: Foul Ball, location: 2F 0-1: Called Strike 0-2: Foul Ball, location: 2F 0-2: Ball 1-2: Strikes out looking
|
Batting: RHB Charlie Harris
|
0-0: Ball 1-0: Ball 2-0: SINGLE (Groundball, 34D)
|
Batting: RHB David Kemp
|
0-0: Ball 1-0: Foul Ball, location: 2F 1-1: Foul Ball, location: 2F 1-2: Strikes out swinging
|
Top of the 5th over - 0 run(s), 1 hit(s), 0 error(s), 1 left on base; Huntsville HS 2 - Spanish Fork HS 3 |
BOTTOM OF THE 5TH |
Spanish Fork HS batting - Pitching for Huntsville HS Wasps : LHP Ed Garner
|
Batting: RHB John Arnold
|
0-0: Ball 1-0: Swinging Strike 1-1: Foul Ball, location: 2F 1-2: Fly out, F8 (Flyball, 8LM)
|
Pitching: RHP Álex Crus
|
|
Batting: RHB Geoffrey Billings
|
0-0: Ball 1-0: Called Strike 1-1: Ball 2-1: Ball 3-1: Foul Ball, location: 2F 3-2: Fly out, F9 (Flyball, 9LS)
|
Batting: RHB David Brady
|
0-0: Ball 1-0: Called Strike 1-1: Ball 2-1: SINGLE (Groundball, 56D)
|
Batting: RHB Octávio Ramérez
|
0-0: Foul Ball, location: 2F 0-1: Fly out, F9 (Flyball, 89M)
|
Bottom of the 5th over - 0 run(s), 1 hit(s), 0 error(s), 1 left on base; Huntsville HS 2 - Spanish Fork HS 3 |
TOP OF THE 6TH |
Huntsville HS Wasps batting - Pitching for Spanish Fork HS : LHP Jason Mills
|
Batting: LHB Eddie Nealon
|
0-0: Ball 1-0: Swinging Strike 1-1: Foul Ball, location: 2F 1-2: Strikes out swinging
|
Batting: RHB Travis Baker
|
0-0: Ball 1-0: Called Strike 1-1: Foul Ball, location: 2F 1-2: Ball 2-2: SINGLE (Groundball, 6) (infield hit)
|
Pinch Runner at 1st Mike Kennedy:
|
|
Batting: RHB Jim Mak
|
0-0: Called Strike 0-1: Ball 1-1: Foul Ball, location: 2F 1-2: Foul Ball, location: 2F 1-2: Strikes out swinging
|
Batting: RHB Dave Stroud
|
0-0: Called Strike 0-1: Ball 1-1: Ball 2-1: Swinging Strike 2-2: Foul Ball, location: 2F 2-2: Foul Ball, location: 2F 2-2: Strikes out swinging
|
Top of the 6th over - 0 run(s), 1 hit(s), 0 error(s), 1 left on base; Huntsville HS 2 - Spanish Fork HS 3 |
BOTTOM OF THE 6TH |
Spanish Fork HS batting - Pitching for Huntsville HS Wasps : RHP Álex Crus
|
Batting: RHB Thomas Hollis
|
0-0: Foul Ball, location: 2F 0-1: Ball 1-1: Ball 2-1: Called Strike 2-2: Ball 3-2: Base on Balls
|
Batting: RHB Michael MacDonald
|
0-0: Ball 1-0: Called Strike 1-1: Ball 2-1: Ball 3-1: Base on Balls Thomas Hollis to second
|
Batting: SHB Iván Flores
|
0-0: Foul Ball, location: 2F 0-1: Ball 1-1: Foul Ball, location: 2F 1-2: Ball 2-2: SINGLE (Line Drive, 8LS) Thomas Hollis to third Michael MacDonald to second
|
Batting: RHB River Sullivan
|
0-0: Ball 1-0: Called Strike 1-1: Ball 2-1: Called Strike 2-2: Strikes out looking
|
Batting: RHB Thad Bauer
|
0-0: Called Strike 0-1: Fly out, F9 (Flyball, 9LS)
|
Now in RF: Pete Rudder
|
|
Batting: RHB John Arnold
|
0-0: Foul Ball, location: 2F 0-1: Ball 1-1: Called Strike 1-2: Foul Ball, location: 2F 1-2: Ball 2-2: Ground out 1-3 (Groundball, 15S)
|
Bottom of the 6th over - 0 run(s), 1 hit(s), 0 error(s), 3 left on base; Huntsville HS 2 - Spanish Fork HS 3 |
TOP OF THE 7TH |
Huntsville HS Wasps batting - Pitching for Spanish Fork HS : LHP Jason Mills
|
Batting: SHB José Chávez
|
0-0: Called Strike 0-1: SINGLE (Groundball, 4MD)
|
Batting: RHB Esteban Garza
|
0-0: Ball 1-0: Called Strike José Chávez steals 2nd base 1-1: Ball Wild Pitch! José Chávez to third 2-1: Ball 3-1: Called Strike 3-2: Foul Ball, location: 2F 3-2: SINGLE (Groundball, 3D) José Chávez scores
|
Batting: RHB Jorge Cortéz
|
0-0: Called Strike 0-1: Ball 1-1: Called Strike 1-2: Strikes out swinging
|
Batting: RHB Charlie Harris
|
0-0: Ball Esteban Garza is caught stealing 2nd base 1-0: Foul Ball, location: 2F 1-1: Swinging Strike 1-2: Strikes out looking
|
Top of the 7th over - 1 run(s), 2 hit(s), 0 error(s), 0 left on base; Huntsville HS 3 - Spanish Fork HS 3 |
BOTTOM OF THE 7TH |
Spanish Fork HS batting - Pitching for Huntsville HS Wasps : RHP Álex Crus
|
Batting: RHB Geoffrey Billings
|
0-0: Fly out, F8 (Flyball, 8LS)
|
Batting: RHB David Brady
|
0-0: DOUBLE (Line Drive, 78D)
|
Batting: RHB Octávio Ramérez
|
0-0: DOUBLE (Line Drive, 8RM) David Brady scores
|
Batting: RHB Thomas Hollis
|
0-0: Intentional Walk
|
Batting: RHB Michael MacDonald
|
0-0: Ball 1-0: Ball 2-0: Ball 3-0: Base on Balls Octávio Ramérez to third Thomas Hollis to second
|
Batting: SHB Iván Flores
|
0-0: Foul Ball, location: 2F 0-1: Ball 1-1: Ball 2-1: Fly out, F8 (Flyball, 89M) Runner from 3rd tags up, SCORES, no throw
|
Pitching: LHP León García
|
|
Batting: RHB River Sullivan
|
0-0: Called Strike 0-1: Ball 1-1: Ball 2-1: Foul Ball, location: 2F 2-2: Strikes out swinging
|
Bottom of the 7th over - 2 run(s), 2 hit(s), 0 error(s), 2 left on base; Huntsville HS 3 - Spanish Fork HS 5 |
TOP OF THE 8TH |
Huntsville HS Wasps batting - Pitching for Spanish Fork HS : LHP Jason Mills
|
Pitching: RHP Curt Pineda
|
|
Now at 1B: Lou Kenner
|
|
Batting: RHB David Kemp
|
0-0: Foul Ball, location: 2F 0-1: Ball 1-1: Ball 2-1: Ball 3-1: Foul Ball, location: 2F 3-2: Foul Ball, location: 2F 3-2: Fly out, F3 (Popup, 34)
|
Batting: RHB Pete Rudder
|
0-0: Ball 1-0: Called Strike 1-1: Swinging Strike 1-2: Ball 2-2: Ball 3-2: SOLO HOME RUN (Flyball, 78XD), Distance : 411 ft
|
Batting: RHB Mike Kennedy
|
0-0: Ball 1-0: Foul Ball, location: 2F 1-1: Swinging Strike 1-2: SINGLE (Flyball, 7S)
|
Batting: RHB Jim Mak
|
0-0: Called Strike 0-1: Ball 1-1: Foul Ball, location: 2F 1-2: Foul Ball, location: 2F 1-2: Ball 2-2: Ball 3-2: Base on Balls Mike Kennedy to second
|
Batting: RHB Dave Stroud
|
0-0: Ball 1-0: Ball 2-0: Foul Ball, location: 2F 2-1: Called Strike 2-2: Foul Ball, location: 2F 2-2: Foul Ball, location: 2F 2-2: Ball 3-2: Foul Ball, location: 2F 3-2: Base on Balls Mike Kennedy to third Jim Mak to second
|
Batting: SHB José Chávez
|
0-0: Foul Ball, location: 2F 0-1: Ball 1-1: Foul Ball, location: 2F 1-2: Ball 2-2: Ball 3-2: SINGLE (Groundball, 34D) Mike Kennedy scores Jim Mak to third Dave Stroud to second
|
Batting: RHB Esteban Garza
|
0-0: Called Strike 0-1: Ball 1-1: Ball 2-1: Foul Ball, location: 2F 2-2: Ball 3-2: Fly out, F8 (Flyball, 8RM) Runner from 3rd tags up, SCORES, no throw
|
Pitching: RHP Terry Joyce
|
|
Batting: RHB Jorge Cortéz
|
0-0: Swinging Strike Error on foul ball, E2 0-2: Ball 1-2: Foul Ball, location: 2F 1-2: DOUBLE (Line Drive, 89D) Dave Stroud scores José Chávez to third Runner from 3rd tries for Home, SAFE, no throw
|
Batting: RHB Charlie Harris
|
0-0: Ball 1-0: Ball 2-0: Called Strike 2-1: Foul Ball, location: 2F 2-2: Ball Passed Ball! Jorge Cortéz to third 3-2: Strikes out swinging
|
Top of the 8th over - 5 run(s), 4 hit(s), 1 error(s), 1 left on base; Huntsville HS 8 - Spanish Fork HS 5 |
BOTTOM OF THE 8TH |
Spanish Fork HS batting - Pitching for Huntsville HS Wasps : LHP León García
|
Batting: RHB Thad Bauer
|
0-0: Ball 1-0: Called Strike 1-1: SINGLE (Line Drive, 4MD)
|
Pitching: RHP Terrence Johnson
|
|
Batting: RHB John Arnold
|
0-0: Ball 1-0: Foul Ball, location: 2F 1-1: Ball 2-1: Ball 3-1: Fly out, F9 (Flyball, 9LM)
|
Batting: RHB Geoffrey Billings
|
0-0: Called Strike 0-1: Ball 1-1: Foul Ball, location: 2F 1-2: Foul Ball, location: 2F 1-2: Ball 2-2: Ball 3-2: Foul Ball, location: 2F 3-2: Strikes out looking
|
Batting: RHB David Brady
|
0-0: Ball 1-0: Ball 2-0: Ball 3-0: Called Strike 3-1: Base on Balls Thad Bauer to second
|
Batting: RHB Octávio Ramérez
|
0-0: Ball 1-0: Ball 2-0: Foul Ball, location: 2F 2-1: Foul Ball, location: 2F 2-2: SINGLE (Groundball, 56D) Thad Bauer to third David Brady to second Runner from 3rd tries for Home, SAFE, throw made at trailing runner, SAFE at third!
|
Batting: RHB Lou Kenner
|
0-0: Ball 1-0: Ball 2-0: Called Strike 2-1: Foul Ball, location: 2F 2-2: Ball 3-2: Base on Balls Octávio Ramérez to second
|
Pitching: RHP Skip Robinson
|
|
Batting: RHB Michael MacDonald
|
0-0: Ball 1-0: Ball Wild Pitch! David Brady scores Octávio Ramérez to third Lou Kenner to second 2-0: Ball 3-0: Base on Balls
|
Batting: SHB Iván Flores
|
0-0: Ball 1-0: Called Strike 1-1: Ball 2-1: Ball 3-1: Base on Balls Octávio Ramérez scores Lou Kenner to third Michael MacDonald to second
|
Batting: RHB River Sullivan
|
0-0: Called Strike 0-1: Ball 1-1: Foul Ball, location: 2F 1-2: Reached on error, E6 (Groundball, 6) Lou Kenner scores Michael MacDonald to third Iván Flores to second
|
Batting: RHB Thad Bauer
|
0-0: Called Strike 0-1: Ball 1-1: Ball 2-1: Foul Ball, location: 2F 2-2: Fielders Choice at 2nd, 5-4 (Groundball, 5L)
|
Bottom of the 8th over - 4 run(s), 2 hit(s), 1 error(s), 2 left on base; Huntsville HS 8 - Spanish Fork HS 9 |
TOP OF THE 9TH |
Huntsville HS Wasps batting - Pitching for Spanish Fork HS : RHP Terry Joyce
|
Pitching: RHP Benoît Sauvé
|
|
Now at SS: John Flowers
|
|
Batting: RHB David Kemp
|
0-0: Foul Ball, location: 2F 0-1: Ball 1-1: Swinging Strike 1-2: Ball 2-2: SOLO HOME RUN (Flyball, 7D), Distance : 359 ft
|
Batting: RHB Pete Rudder
|
0-0: Ball 1-0: Foul Ball, location: 2F 1-1: Foul Ball, location: 2F 1-2: Foul Ball, location: 2F 1-2: Strikes out looking
|
Batting: RHB Mike Kennedy
|
0-0: Called Strike 0-1: Foul Ball, location: 2F 0-2: Foul Ball, location: 2F 0-2: Ball 1-2: Ground out 1-3 (Groundball, 13)
|
Batting: RHB Jim Mak
|
0-0: Swinging Strike 0-1: Called Strike 0-2: Ball 1-2: Ball 2-2: Strikes out looking
|
Top of the 9th over - 1 run(s), 1 hit(s), 0 error(s), 0 left on base; Huntsville HS 9 - Spanish Fork HS 9 |
BOTTOM OF THE 9TH |
Spanish Fork HS batting - Pitching for Huntsville HS Wasps : RHP Skip Robinson
|
Pitching: RHP Keith Flores
|
|
Batting: RHB John Arnold
|
0-0: Ball 1-0: Ball 2-0: Foul Ball, location: 2F 2-1: Foul Ball, location: 2F 2-2: Foul Ball, location: 2F 2-2: Fly out, F8 (Flyball, 8LM)
|
Batting: RHB Geoffrey Billings
|
0-0: Ball 1-0: Ball 2-0: Ball 3-0: Base on Balls
|
Batting: RHB David Brady
|
0-0: Fielders Choice at 2nd, 6-4 (Groundball, 6)
|
Batting: RHB Octávio Ramérez
|
0-0: Called Strike 0-1: Ball 1-1: Foul Ball, location: 2F 1-2: Ball 2-2: SINGLE (Flyball, 78S) David Brady to second
|
Batting: RHB Lou Kenner
|
0-0: Ball 1-0: Ball 2-0: SINGLE (Groundball, 56) (infield hit) David Brady to third Octávio Ramérez to second
|
Batting: RHB Michael MacDonald
|
0-0: Ball 1-0: Swinging Strike 1-1: Foul Ball, location: 2F 1-2: Ball 2-2: Strikes out swinging
|
Bottom of the 9th over - 0 run(s), 2 hit(s), 0 error(s), 3 left on base; Huntsville HS 9 - Spanish Fork HS 9 |
TOP OF THE 10TH |
Huntsville HS Wasps batting - Pitching for Spanish Fork HS : RHP Benoît Sauvé
|
Batting: RHB Dave Stroud
|
0-0: SINGLE (Line Drive, 8LS)
|
Batting: SHB José Chávez
|
0-0: Called Strike Dave Stroud is caught stealing 2nd base 0-1: Ball 1-1: SINGLE (Groundball, 56D)
|
Batting: RHB Esteban Garza
|
0-0: Ball 1-0: Swinging Strike 1-1: Swinging Strike 1-2: Ball 2-2: Strikes out swinging
|
Batting: RHB Jorge Cortéz
|
0-0: Ball 1-0: Swinging Strike 1-1: Fly out, F8 (Flyball, 8LS)
|
Top of the 10th over - 0 run(s), 2 hit(s), 0 error(s), 1 left on base; Huntsville HS 9 - Spanish Fork HS 9 |
BOTTOM OF THE 10TH |
Spanish Fork HS batting - Pitching for Huntsville HS Wasps : RHP Keith Flores
|
Batting: SHB Iván Flores
|
0-0: Ball 1-0: Ball 2-0: Called Strike 2-1: Foul Ball, location: 2F 2-2: Foul Ball, location: 2F 2-2: Ball 3-2: Foul Ball, location: 2F 3-2: Foul Ball, location: 2F 3-2: Base on Balls
|
Batting: RHB River Sullivan
|
0-0: Called Strike 0-1: Ball 1-1: Ball 2-1: Called Strike 2-2: Ball 3-2: Base on Balls Iván Flores to second
|
Batting: RHB John Flowers
|
0-0: Called Strike 0-1: 3-RUN HOME RUN (Flyball, 7D), Distance : 369 ft
|
Tuesday, August 8th, 2017 - OOTP Baseball 17.12 Build 75
|
|